 Dungeon Crawl Stone Soup version 0.22-a0-782-g038298e (webtiles) character file.

65 Amnesiac the Digger (level 3, 0/24 HPs)
             Began as a Mummy Earth Elementalist on July 19, 2018.
             Slain by a gnoll
             ... wielding a +0 club
              (3 damage)
             ... on level 3 of the Dungeon.
             The game lasted 00:03:03 (1237 turns).

Amnesiac the Digger (Mummy Earth Elementalist)      Turns: 1237, Time: 00:03:04

Health: 0/24       AC:  2    Str: 11    XL:     3   Next: 94%
Magic:  1/8        EV: 12    Int: 15    God:
Gold:   69         SH:  0    Dex: 12    Spells: 6/9 levels left

rFire    x . .     SeeInvis .   j - +0 hunting sling
rCold    + . .     Gourm    .   (no shield)
rNeg     + + +     Faith    .   c - +0 robe
rPois    ∞         Spirit   .   (no helmet)
rElec    .         Reflect  .   (no cloak)
rCorr    .         Harm     .   (no gloves)
MR       .....                  (no boots)
Stlth    ++........             (no amulet)
HPRegen  0.08/turn              (no ring)
MPRegen  0.11/turn              (no ring)

@: no status effects
A: no food or potions, fire vulnerability, cold resistance 1, negative energy
resistance 3, torment resistance, unbreathing
a: no special abilities


You were on level 3 of the Dungeon.
You were not hungry.

You visited 1 branch of the dungeon, and saw 3 of its levels.

You collected 69 gold pieces.

Inventory:

Hand Weapons
 e - a +0 whip
 g - a cursed -2 dagger
 j - a +0 hunting sling (weapon)
Missiles
 b - 21 stones (quivered)
Armour
 c - a +0 robe (worn)
 h - a +0 cloak
Scrolls
 a - 4 scrolls of remove curse {!r, unknown}
 d - 2 scrolls of identify {!r, unknown}
 f - a scroll of teleportation {!r, unknown}
 i - a scroll of amnesia {!r, unknown}


   Skills:
 - Level 1.5 Dodging
 - Level 1.5 Stealth
 + Level 3.6 Spellcasting
 - Level 0.7 Transmutations
 * Level 3.6 Earth Magic


You had 6 spell levels left.
You knew the following spells:

 Your Spells              Type           Power        Failure   Level  Hunger
a - Sandblast             Erth           ##....       4%          1    N/A
b - Passwall              Tmut/Erth      #.......     12%         2    N/A

Your spell library contained the following spells:

 Spells                   Type           Power        Failure   Level  Hunger
 Stone Arrow              Conj/Erth      #.....       26%         3    N/A
 Lee's Rapid Deconstruct  Erth           ##........   75%         5    N/A
 Petrify                  Tmut/Erth      #.......     58%         4    N/A

Dungeon Overview and Level Annotations

Branches:
Dungeon (3/15)

Altars:


Innate Abilities, Weirdness & Mutations

You do not eat or drink.
Your flesh is vulnerable to fire.
You are immune to poison.
Your flesh is cold resistant. (rC+)
You are immune to negative energy. (rN+++)
You are immune to unholy pain and torment.
You can survive without breathing.


Message History

Confirm with . or Enter, or press ? or * to list all spells.
Aiming: Sandblast (safe; 4% risk of failure)
Press: ? - help, Shift-Dir - straight line, f/p - gnoll
Aim: a gnoll, wielding a club and wearing a chain mail (moderately wounded)
The blast of sand hits the gnoll.
The gnoll is moderately wounded.
b - 27 stones The gnoll barely misses you.
Casting: Sandblast (safe; 4% risk of failure)
Confirm with . or Enter, or press ? or * to list all spells.
Aiming: Sandblast (safe; 4% risk of failure)
Press: ? - help, Shift-Dir - straight line, f/p - gnoll
Aim: a gnoll, wielding a club and wearing a chain mail (moderately wounded)
The blast of sand hits the gnoll.
The gnoll is moderately wounded.
b - 26 stones The gnoll hits you with a club!
Casting: Sandblast (safe; 4% risk of failure)
Confirm with . or Enter, or press ? or * to list all spells.
Aiming: Sandblast (safe; 4% risk of failure)
Press: ? - help, Shift-Dir - straight line, f/p - gnoll
Aim: a gnoll, wielding a club and wearing a chain mail (moderately wounded)
The blast of sand hits the gnoll.
The gnoll is moderately wounded.
b - 25 stones The gnoll hits you with a club!
* * * LOW HITPOINT WARNING * * *
Casting: Sandblast (safe; 4% risk of failure)
Confirm with . or Enter, or press ? or * to list all spells.
Aiming: Sandblast (safe; 4% risk of failure)
Press: ? - help, Shift-Dir - straight line, f/p - gnoll
Aim: a gnoll, wielding a club and wearing a chain mail (moderately wounded)
The blast of sand hits the gnoll.
The gnoll is moderately wounded.
b - 24 stones The gnoll closely misses you.
Casting: Sandblast (safe; 4% risk of failure)
Confirm with . or Enter, or press ? or * to list all spells.
Aiming: Sandblast (safe; 4% risk of failure)
Press: ? - help, Shift-Dir - straight line, f/p - gnoll
Aim: a gnoll, wielding a club and wearing a chain mail (moderately wounded)
The blast of sand hits the gnoll.
The gnoll is moderately wounded.
b - 23 stones The gnoll closely misses you.
Casting: Sandblast (safe; 4% risk of failure)
Confirm with . or Enter, or press ? or * to list all spells.
Aiming: Sandblast (safe; 4% risk of failure)
Press: ? - help, Shift-Dir - straight line, f/p - gnoll
Aim: a gnoll, wielding a club and wearing a chain mail (moderately wounded)
The blast of sand hits the gnoll.
The gnoll is moderately wounded.
b - 22 stones The gnoll closely misses you.
Casting: Sandblast (safe; 4% risk of failure)
Confirm with . or Enter, or press ? or * to list all spells.
Aiming: Sandblast (safe; 4% risk of failure)
Press: ? - help, Shift-Dir - straight line, f/p - gnoll
Aim: a gnoll, wielding a club and wearing a chain mail (moderately wounded)
The blast of sand hits the gnoll.
The gnoll is moderately wounded.
b - 21 stones The gnoll hits you with a club.
You die...

#.................
###.##(##..##..#
.......
#..((.......###......[
####(##(......#.......
#(#####..#.........
#.(# #...###......#
##)# #.#..##.....b.
#g# #.##..........
#@###†####......$.
#..##.# #......#.
##.##.# #.######.
##.##.# #.# #
#.....####.#
#.....##...# #.
#.....##.#..# #.
#.....##.##..# #.
#......#.###.# #..


You could see a gnoll.

Vanquished Creatures
  2 gnolls (D:3)
  2 adders
  3 giant cockroaches
  3 goblins
  3 hobgoblins
  5 kobolds
  6 bats
  3 frilled lizards
  4 rats
31 creatures vanquished.

Notes
Turn   | Place    | Note
-------+----------+-------------------------------------------
     0 | D:1      | Amnesiac the Mummy Earth Elementalist began the quest for the Orb.
     0 | D:1      | Reached XP level 1. HP: 13/13 MP: 4/4
   200 | D:1      | Reached XP level 2. HP: 19/19 MP: 2/5
   205 | D:1      | Learned a level 2 spell: Passwall
   704 | D:2      | Reached XP level 3. HP: 18/24 MP: 7/7
  1237 | D:3      | Slain by a gnoll

Vault maps used:
D:1:      onia_arrival_mini_maze_b
D:3:      grunt_ministairs_1, tgw_sif, uniq_grinder

Skill      XL: |  1  2 |
---------------+-------+-----
Spellcasting   | 3 |  3.6
Earth Magic    | 3 |  3.6
Dodging        | |  1.5
Stealth        | |  1.5
Transmutations | |  0.7

Action                   || total
-------------------------++-------
Melee: Unarmed           ||     1
       Whip              ||    69
 Fire: Hunting sling     ||    11
 Cast: Sandblast         ||    28
 Stab: Sleeping          ||     1
Armor: Robe              ||    17
Dodge: Dodged            ||    58

Table legend:
 A = Spawn XP
 B = Non-spawn XP
 C = Spawn XP percentage of total XP
 D = Spawn monster count
 E = Non-spawn monster count
 F = Spawn count percentage of total count
 G = Total turns spent on level
                    A         B        C        D         E        F      G
               +---------+---------+-------+---------+---------+-------+---------
         Total |       0 |      94 |   0.0 |       0 |      31 |   0.0 |  1237
               +---------+---------+-------+---------+---------+-------+---------
           D:1 |       0 |      14 |   0.0 |       0 |      10 |   0.0 |   249
           D:2 |       0 |      24 |   0.0 |       0 |       8 |   0.0 |   437
           D:3 |       0 |      56 |   0.0 |       0 |      13 |   0.0 |   551
               +---------+---------+-------+---------+---------+-------+---------
